 Dungeon Crawl Stone Soup version 0.31-a0-833-gc15d34cb79 (webtiles) character file.

Game seed: 16805257721206058540

44 javelincjr the Insei (level 3, 0/27 HPs)
             Began as a Demonspawn Shapeshifter on Sept 25, 2023.
             Was a Follower of Makhleb.
             Slain by Terence
             ... wielding a +0 hand axe
              (6 damage)
             ... on level 2 of the Dungeon.
             The game lasted 00:04:44 (1586 turns).

javelincjr the Insei (Demonspawn Shapeshifter)      Turns: 1586, Time: 00:04:44

Health: 0/27       AC:  2    Str: 14    XL:     3   Next: 41%
Magic:  3/3        EV: 12    Int: 11    God:    Makhleb [*.....]
Gold:   73         SH:  0    Dex: 17    Spells: 2/2 levels left

rFire   . . .        m - +8 dagger of Disaster {freeze, Dex+3}
rCold   . . .        (no shield)
rNeg    . . .        a - +0 animal skin
rPois   .            (helmet currently unavailable)
rElec   .            (cloak currently unavailable)
rCorr   .            (gloves currently unavailable)
SInv    .            (boots currently unavailable)
Will    .....        (no amulet)
Stlth   ++           (no ring)
HPRegen 0.24/turn    (no ring)
MPRegen 0.08/turn

%: no passive effects
@: beast-form
A: beast (slay +1), sturdy frame 2
a: Begin Untransformation, Renounce Religion


You were on level 2 of the Dungeon.
You worshipped Makhleb.
Makhleb was aware of your devotion.
You were a hulking beast.
You visited 1 branch of the dungeon, and saw 2 of its levels.

You collected 73 gold pieces.

Inventory:

Hand Weapons
 m - the +8 dagger of Disaster (weapon) {freeze, Dex+3}
   (You found it on level 2 of the Dungeon)

   Dex+3:     It affects your dexterity (+3).
Missiles
 o - 2 boomerangs
 p - 6 javelins
Armour
 a - a +0 animal skin (worn)
 g - a +0 cloak
Talismans
 c - a beast talisman (active)
 d - a flux talisman
Scrolls
 e - 3 scrolls of fear {unknown}
 f - 2 scrolls of identify {unknown}
 j - a scroll of enchant weapon {unknown}
 k - a scroll of fog {unknown}
 n - a scroll of immolation {unknown}
 q - a scroll of silence {unknown}
Potions
 b - 2 potions of lignification
 h - a potion of mutation {unknown}
 i - a potion of invisibility {unknown}
 l - a potion of heal wounds {unknown}


   Skills:
 + Level 1.7 Fighting
 + Level 0.2 Short Blades
 + Level 2.2 Dodging
 + Level 3.0 Unarmed Combat
 + Level 0.2 Invocations
 * Level 3.0 Shapeshifting


You had 2 spell levels left.
You didn't know any spells.
Your spell library contained the following spells:

 Spells                   Type           Power      Damage    Failure   Level
 Ensorcelled Hibernation  Hex/Ice        0%         N/A       47%         2
 Passwall                 Tmut/Erth      0%         N/A       47%         2
 Swiftness                Air            0%         N/A       71%         3
 Tukima's Dance           Hex            0%         N/A       71%         3
 Passage of Golubria      Tloc           0%         N/A       98%         4
 Yara's Violent Unravell  Hex/Tmut       0%         3d3       100%        5


Dungeon Overview and Level Annotations

Branches:
Dungeon (2/15)

Altars:
Makhleb

Annotations:
D:2 Terence


Innate Abilities, Weirdness & Mutations

You are a hulking beast.
Your limbs bulge with bestial killing power. (Slay +1)
Your movements are less encumbered by armour. (ER -4)


Message History

You see here a bat corpse.
Found 4 stones.
No target in view!
You enter the shallow water.
Moving in this stuff is going to be slow.
You see here 4 stones.
Found a dagger.
You see here a +0 dagger.
You enter the shallow water.
Moving in this stuff is going to be slow.
You see here a bat corpse.
A kobold comes into view. It is wielding a +0 whip.
Found a stone staircase leading down.
The kobold shouts!
You hear a shout!
Terence the Incautious comes into view.
He is wielding a +0 hand axe.
You barely miss the kobold. The kobold hits you with a +0 whip.
You hit the kobold. You freeze the kobold.
The kobold is heavily wounded.
The kobold hits you with a +0 whip.
You hit the kobold. You freeze the kobold.
You kill the kobold!
Makhleb accepts your kill.
You feel better. Terence hits you with a +0 hand axe.
You hit Terence. You freeze Terence.
Terence is lightly wounded.
Terence screams, "I want your blood!" Terence hits you with a +0 hand axe.
You are too injured to fight recklessly!
You are too injured to fight recklessly!
You hit Terence. You freeze Terence.
Terence is heavily wounded.
Terence hits you with a +0 hand axe.
* * * LOW HITPOINT WARNING * * *
You puncture Terence! You freeze Terence.
Terence is almost dead.
Terence misses you.
You completely miss Terence.
Terence is almost dead.
Terence hits you with a +0 hand axe.
You die...

..##
##..##.##..##..####.....
#..##### ##..###..###.##
#...... ##.....#
##..#..## #.# #.#####
..####...#
##...#####.####.# # #.#
.. ##.###.........# #
#.# ###...........# #
#.# #..#.........# # #.#
#.################ ..#
#h#~~~#~~~~~~~~~~# ####
#@###~~#######~~~~ ...#
#..># #~~~~~########
##.### .......
#####~~~~~# .....#
#.......## #~~~#########
.....# #.......# ###~~#
###~~ .....# #.......#
#~~~~#####~~~~ .....#
#.......# ###~~~~~~~~~##
.....# ######.##
#####~~~###


You could see Terence.

Vanquished Creatures
  A worm (D:2)
  3 bats
  6 endoplasms
  5 giant cockroaches
  4 goblins
  4 hobgoblins
  2 ball pythons (D:1)
  5 frilled lizards
  5 kobolds
  3 rats
38 creatures vanquished.

Notes
Turn   | Place    | Note
-------+----------+-------------------------------------------
     0 | D:1      | javelincjr the Demonspawn Shapeshifter began the quest for
                  | the Orb.
     0 | D:1      | Reached XP level 1. HP: 15/15 MP: 1/1
   226 | D:1      | Gained mutation: Your movements are slightly less
                  | encumbered by armour. (ER -2) [demonic ancestry]
   226 | D:1      | Reached XP level 2. HP: 18/21 MP: 2/2
   507 | D:1      | Found a faded altar of an unknown god.
   533 | D:1      | Prayed at the altar of an unknown god.
   533 | D:1      | Became a worshipper of Makhleb the Destroyer
   533 | D:1      | Reached * piety under Makhleb
  1087 | D:2      | Identified the +8 dagger of Disaster {freeze, Dex+3}
  1148 | D:2      | Gained mutation: Your movements are less encumbered by
                  | armour. (ER -4) [demonic ancestry]
  1148 | D:2      | Reached XP level 3. HP: 12/26 MP: 3/3
  1576 | D:2      | Noticed Terence
  1586 | D:2      | Slain by Terence

Illustrated notes

Levels and vault maps discovered:
D:1:      minmay_arrival_three_doors, layout_loops_ring,
          shapermc_ecumenical_altar_hornbeckon
D:2:      minmay_alternating_diamond, layout_basic, serial_rivers,
          chequers_serial_rivers_marsh, chequers_serial_rivers_micro_a,
          chequers_serial_rivers_large_b, chequers_serial_rivers_micro_e,
          uniq_terence, uniq_natasha

Skill      XL: |  1  2 |
---------------+-------+-----
Dodging        | 2 |  2.2
Unarmed Combat | 3 |  3.0
Shapeshifting  | 3 |  3.0
Fighting       | |  1.7
Short Blades   | |  0.2
Invocations    | |  0.2

Action                     || total
---------------------------++-------
  Melee: Unarmed           ||    79
         Dagger            ||    37
         Punch             ||     2
   Stab: Sleeping          ||     1
 Armour: Animal skin       ||    46
  Dodge: Dodged            ||    50

Table legend: (Time is in decaauts)
 A = Elapsed time spent in this place.
 B = Non-inter-level travel time spent in this place.
 C = Inter-level travel time spent in this place.
 D = Time resting spent in this place.
 E = Time spent auto-exploring this place.
 F = Levels seen in this place.
 G = Mean time per level.
                   A        B        C        D        E       F      G
               +--------+--------+--------+--------+--------+-----+--------+
         Total |   1620 |   1473 |    147 |     49 |   1072 |   2 |  810.0 |
       Dungeon |   1620 |   1473 |    147 |     49 |   1072 |   2 |  810.0 |
               +--------+--------+--------+--------+--------+-----+--------+

Top non-repeatable levels by time:
     D:1: 851 daAuts
     D:2: 768 daAuts
